cohdb
Replays
Latest Replays
All Replays
Popular Replays
Top Player Replays
Match Explorer
How It Works
Community
CoH3 Stats
Reddit
Sign in to upload your games and track your stats! →
Sign in with Steam
Match 37404187
Unlisted
Match 37404187
Overview
Messages
Build Orders
End
Vickers Machine Gun Team
Construct Section Command Post
Infantry Section
Infantry Section
Infantry Section
Construct Platoon Command Post
Humber Armored Car
Selects Air and Sea Battlegroup
Selects Supply Surplus
6-pounder Anti-tank Gun Team
Construct Field Infirmary
Selects Centaur Medium Tank
Construct Resource Cache
Construct Resource Cache
Construct Company Command Post
Selects Naval Bombardment
Selects Commando Section Paradrop
Selects M1 Pack Howitzer Paradrop
Unlock M3 Grant Medium Tanks
M3 Grant Medium Tank
Naval Bombardment
Papperlapapp
mcmoejoe
一朝春尽红颜老 花落人亡两不知
76561198070384079
Ares
Herogus3xD
Gsacie
皮皮
0
0
Comments
sign in to comment!
No comments posted yet!